 Dungeon Crawl Stone Soup version 0.29.0-4-gdea44cf6ec (webtiles) character file.

Game seed: 7623634878139326896

239 qw the Ruffian (level 5, -7/50 HPs)
             Began as a Troll Cinder Acolyte on Aug 30, 2022.
             Was a High Priest of Ignis.
             Killed by nerve-wracking pain
             ... invoked by Grinder
              (10 damage)
             ... on level 4 of the Dungeon.
             The game lasted 00:01:18 (2116 turns).

qw the Ruffian (Troll Cinder Acolyte)               Turns: 2116, Time: 00:01:18

Health: -7/50      AC: 11    Str: 21 (24) XL:     5   Next: 79%
Magic:  5/5        EV:  9    Int:  9 (10) God:    Ignis [*****.]
Gold:   174        SH:  0    Dex:  2 (5)  Spells: 6/6 levels left

rFire   + . .      SeeInvis .     - Unarmed
rCold   . . .      Faith    .   (no shield)
rNeg    . . .      Spirit   .   a - +0 robe
rPois   +          Reflect  .   (helmet restricted)
rElec   .          Harm     .   (no cloak)
rCorr   .          Rampage  .   (gloves unavailable)
Will    .....                   (boots unavailable)
Stlth   +.........              (no amulet)
HPRegen 0.96/turn               e - ring of poison resistance
MPRegen 0.09/turn               (no ring)

@: about to teleport, fiery-armoured
A: large, unfitting armour, claws 3, regeneration 1, shaggy fur 1, tough skin 1
a: Renounce Religion, Fiery Armour, Foxfire Swarm, Rising Flame


You were on level 4 of the Dungeon.
You worshipped Ignis.
Ignis was extremely pleased with you.
You visited 1 branch of the dungeon, and saw 4 of its levels.

You collected 174 gold pieces.


Innate Abilities, Weirdness & Mutations

You are too large for most types of armour.
You have claws for hands.
Your natural rate of healing is unusually fast.
You are covered in fur. (AC +1)
You have tough skin. (AC +1)


   Skills:
 - Level 2.4 Fighting
 + Level 6.6 Unarmed Combat
 - Level 1.0 Spellcasting
 - Level 2.1 Fire Magic


You had 6 spell levels left.
You didn't know any spells.
Your spell library contained the following spells:

 Spells                   Type           Power      Damage    Failure   Level
 Scorch                   Fire           8%         2d5       22%         2

Inventory:

Armour
 a - a +0 robe (worn)
 c - a +0 kite shield
Jewellery
 e - a ring of poison resistance (left claw)
Scrolls
 f - a scroll of identify
 g - a scroll of teleportation
Potions
 b - 4 potions of curing
 d - a potion of might {unknown}
 j - a potion of cancellation {unknown}

Dungeon Overview and Level Annotations

Branches:
Dungeon (4/15)
 Temple: D:4-7

Altars:

Annotations:
D:4 Grinder


Message History

Grinder is heavily wounded.
Grinder hits you.
You writhe in agony.
You completely miss Grinder.
Grinder is heavily wounded.
Grinder gestures at you. You resist with significant effort.
You barely miss Grinder.
Grinder is heavily wounded.
Grinder hits you but does no damage.
You scratch Grinder.
Grinder is severely wounded.
Grinder hits you.
You writhe in agony.
The endoplasm hits you.
You closely miss Grinder.
Grinder is severely wounded.
Grinder gestures at you.
You suddenly lose the ability to move!
The endoplasm hits you. Grinder hits you.
You writhe in agony.
The endoplasm freezes you.
You are frozen.
Grinder blinks!
The endoplasm freezes you.
You are frozen.
The endoplasm freezes you.
You are frozen.
The endoplasm hits you.
You can move again.
2115 ||| INVOKING Fiery Armour.
A protective cloak of flame settles atop you.
Grinder hits you!
You writhe in agony.
Grinder is burned by your cloak of flames.
Grinder is severely wounded.
The endoplasm hits you.
The endoplasm is burned by your cloak of flames.
The endoplasm is almost dead.
2116 ||| READING 2 scrolls of teleportation.
As you read the scroll of teleportation, it crumbles to dust.
You feel strangely unstable. Grinder gestures at you.
Pain shoots through your body!
You die...

### ## #.# ###.
##.# ##... ..#
#######..#. ..#
####.......##.
#.###....#######..
#.#...##########.#
##.#@#.###
##.......#
#...J5.#
#....#####
#....#.###
#....### ./...##.#
#......### ###.#
#.# #[...#.... #.
#.# #....##### .
#.# ########## #
... #... #. ...##


You could see Grinder and an endoplasm.

Vanquished Creatures
  An ice beast (D:3)
  A hound (D:3)
  A gnoll (D:2)
  3 adders
  2 worms (D:2)
  A dart slug (D:1)
  2 orcs (D:3)
  2 ball pythons (D:3)
  10 bats
  8 endoplasms
  A giant cockroach (D:1)
  2 goblins
  6 hobgoblins
  3 jackals (D:2)
  6 kobolds
  2 quokkas
  3 frilled lizards
  6 rats
60 creatures vanquished.

Notes
Turn   | Place    | Note
-------+----------+-------------------------------------------
     0 | D:1      | qw the Troll Cinder Acolyte began the quest for the Orb.
     0 | D:1      | Reached XP level 1. HP: 22/22 MP: 1/1
     0 | D:1      | 0 ||| qw: Version: 0.1-a-95-gae9e614
     0 | D:1      | 0 ||| qw: Game counter: 4406
     0 | D:1      | 0 ||| qw: Always use a shield: true
     0 | D:1      | 0 ||| qw: God list: Okawaru
     0 | D:1      | 0 ||| qw: Allow faded altars: false
     0 | D:1      | 0 ||| qw: Do Orc after D:15 true
     0 | D:1      | 0 ||| qw: Do second Lair branch before Depths: true
     0 | D:1      | 0 ||| qw: Lair rune preference: random
     0 | D:1      | 0 ||| qw: Plans: Normal
     0 | D:1      | 0 ||| PLANNING D:1-11
    91 | D:1      | 91 ||| Stepping ~*~*~tactically~*~*~ (stealth).
    92 | D:1      | 92 ||| Stepping ~*~*~tactically~*~*~ (stealth).
    94 | D:1      | Reached XP level 2. HP: 29/29 MP: 2/2
    98 | D:1      | 98 ||| Stepping ~*~*~tactically~*~*~ (stealth).
   334 | D:1      | Reached skill level 4 in Unarmed Combat
   360 | D:1      | 360 ||| Stepping ~*~*~tactically~*~*~ (outnumbered).
   381 | D:1      | Reached XP level 3. HP: 36/36 MP: 3/3
   432 | D:1      | 432 ||| UPGRADING to ring of poison resistance.
   433 | D:1      | 433 ||| READING 2 scrolls labelled EHIKAW TARCH.
   541 | D:2      | Found a faded altar of an unknown god.
   703 | D:2      | 703 ||| Stepping ~*~*~tactically~*~*~ (stealth).
   869 | D:2      | Reached skill level 5 in Unarmed Combat
   869 | D:2      | Reached XP level 4. HP: 44/44 MP: 4/4
  1089 | D:2      | 1089 ||| READING 2 scrolls labelled ERUKOL LOECEPP.
  1092 | D:2      | 1092 ||| READING scroll labelled TOHODW PAOMO.
  1093 | D:2      | 1093 ||| READING scroll labelled SIAPPI IMESITE.
  1094 | D:2      | 1094 ||| READING scroll labelled AHECUIRGHOI.
  1095 | D:2      | 1095 ||| READING 3 scrolls of identify.
  1095 | D:2      | 1095 ||| IDENTIFYING viscous cyan potion
  1096 | D:2      | 1096 ||| READING 2 scrolls of identify.
  1096 | D:2      | 1096 ||| IDENTIFYING dark potion
  1097 | D:2      | 1097 ||| DROPPING potion of attraction.
  1098 | D:2      | 1098 ||| DROPPING potion of brilliance.
  1277 | D:3      | Noticed an ice beast
  1288 | D:3      | 1288 ||| INVOKING Fiery Armour.
  1291 | D:3      | Killed an ice beast
  1292 | D:3      | Reached skill level 6 in Unarmed Combat
  1292 | D:3      | Reached XP level 5. HP: 24/50 MP: 5/5
  2014 | D:3      | 2014 ||| READING scroll labelled OKO BISIYT BOI.
  2015 | D:3      | 2015 ||| READING scroll labelled KEREOC CICWU.
  2016 | D:3      | 2016 ||| DRINKING 5 smoky clear potions.
  2017 | D:3      | 2017 ||| DRINKING 2 green potions.
  2018 | D:3      | 2018 ||| DROPPING potion of degeneration.
  2035 | D:4      | 2035 ||| STAIRDANCE
  2102 | D:4      | Noticed Grinder
  2110 | D:4      | Paralysed by Grinder for 4 turns
  2115 | D:4      | 2115 ||| INVOKING Fiery Armour.
  2115 | D:4      | HP: 8/50 [Grinder (8)]
  2115 | D:4      | HP: 2/50 [endoplasm (3)]
  2116 | D:4      | 2116 ||| READING 2 scrolls of teleportation.
  2116 | D:4      | Killed from afar by Grinder

Levels and vault maps discovered:
D:1:      wheals_arrival_shading, layout_rooms, hangedman_abyss_or_decor_stabs
D:2:      layout_loops_ring, dreamdust_ecumenical_altar_statues,
          minmay_split_cup_small
D:3:      layout_basic
D:4:      layout_rooms, uniq_sigmund, uniq_pikel, uniq_grinder

Skill      XL: |  1  2  3  4 |
---------------+-------------+-----
Unarmed Combat | 4 5 6 |  6.6
Fighting       | |  2.4
Spellcasting   | |  1.0
Fire Magic     | |  2.1

Action                   |  1- 3 |  4- 6 || total
-------------------------+-------+-------++-------
Melee: Unarmed           |    84 |    71 ||   155
       Punch             |     2 |     1 ||     3
Invok: Fiery Armour      |       |     2 ||     2
  Use: Scroll            |     1 |     9 ||    10
       Potion            |       |     2 ||     2
Armor: Robe              |    28 |    24 ||    52
Dodge: Dodged            |    19 |    20 ||    39

Table legend:
 A = Non-vault XP
 B = Vault XP
 C = Vault XP percentage of total XP
 D = Non-vault monster count
 E = Vault monster count
 F = Vault count percentage of total count
                 A         B        C        D         E       F
            +---------+---------+-------+---------+---------+-------
      Total |     313 |      29 |   8.5 |      57 |       3 |   5.0
            +---------+---------+-------+---------+---------+-------
        D:1 |      42 |       0 |   0.0 |      22 |       0 |   0.0
        D:2 |      39 |      29 |  42.6 |      13 |       3 |  18.8
        D:3 |     230 |       0 |   0.0 |      21 |       0 |   0.0
        D:4 |       2 |       0 |   0.0 |       1 |       0 |   0.0
            +---------+---------+-------+---------+---------+-------
